 Dungeon Crawl Stone Soup version 0.16.1-11-g651b585 (webtiles) character file.

2373 LuckyCent the Ruffian (level 9, 45/84 (89) HPs)
             Began as a Troll Monk on Apr 4, 2015.
             Was an Initiate of Ashenzari.
             Starved to death
             ... on level 8 of the Dungeon.
             The game lasted 00:44:46 (4663 turns).

LuckyCent the Ruffian (Troll Monk)                  Turns: 4663, Time: 00:44:46

HP:   45/84 (89)    AC:  5    Str: 24    XL:     9   Next: 21%
MP:   4/4           EV: 14    Int:  6    God:    Ashenzari [......]
Gold: 456           SH:  0    Dex: 16    Spells: 0 memorised, 8 levels left

rFire  . . .     SeeInvis .       - Unarmed
rCold  . . .     Clarity  .     g - +0 robe
rNeg   . . .     SustAb   .     (shield restricted)
rPois  .         Gourm    +     (helmet restricted)
rElec  .         Spirit   .     (no cloak)
rCorr  .         Warding  .     (gloves unavailable)
rMut   .         Stasis   .     (boots unavailable)
MR     .....                    K - amulet of faith
Stlth  ++........               v - +4 ring of dexterity
                                c - +5 ring of slaying (curse)

@: starving, not resistant to hostile enchantments, unstealthy
A: unfitting armour, claws 3, fast metabolism 3, gourmand, regeneration 2,
shaggy fur 1, tough skin 2
a: Renounce Religion


You were on level 8 of the Dungeon.
You worshipped Ashenzari.
Ashenzari was noncommittal.
You were starving.

You visited 1 branch of the dungeon, and saw 8 of its levels.

You collected 456 gold pieces.

Inventory:

Hand weapons
 h - a +0 spear of freezing
Armour
 g - a +0 robe (worn)
Jewellery
 c - a cursed +5 ring of slaying (left claw)
 j - an uncursed ring of fire
 u - an uncursed amulet of warding
 v - a +4 ring of dexterity (right claw)
 E - the ring of Rylovigh {Fire Int+3}
   (You found it on level 5 of the Dungeon)

   [ring of fire]

   It enhances your fire magic, and weakens your ice magic.
   It affects your intelligence (+3).
   It protects you from fire.
   It makes you vulnerable to cold.
 K - an amulet of faith (around neck)
 O - an uncursed ring of poison resistance
Magical devices
 J - a wand of random effects (27)
 N - a wand of frost (27)
Scrolls
 b - 4 scrolls of teleportation
 d - 2 scrolls of enchant armour {unknown}
 k - 6 scrolls of remove curse
 m - 12 scrolls of identify
 p - 3 scrolls of fear {unknown}
 y - 2 scrolls of random uselessness {unknown}
 D - 2 scrolls of blinking {unknown}
 H - 2 scrolls of noise {unknown}
 I - a scroll of brand weapon {unknown}
 P - a scroll of recharging {unknown}
Potions
 a - a potion of berserk rage {unknown}
 e - 2 potions of lignification {unknown}
 f - a potion of heal wounds {unknown}
 i - 2 potions of brilliance {unknown}
 o - a potion of cancellation {unknown}
 q - a potion of ambrosia {unknown}
 w - a potion of poison {unknown}
 x - 2 potions of agility {unknown}
 z - a potion of invisibility {unknown}
 C - a potion of decay {unknown}
 L - 4 potions of curing
 M - 2 potions of haste {unknown}
Books
 l - a Necronomicon {highlevel, unknown}

   This book is beyond your current level of understanding.

   Spells                             Type                      Level
   a - Haunt                          Necromancy/Summoning         7
   b - Borgnjor's Revivification      Necromancy                   8
   c - Death's Door                   Charms/Necromancy            8
   d - Necromutation                  Transmutation/Necromancy     8
 A - a book of Frost

   Spells                             Type                      Level
   a - Freeze                         Ice                          1
   b - Throw Frost                    Conjuration/Ice              2
   c - Ozocubu's Armour               Charms/Ice                   3
   d - Throw Icicle                   Conjuration/Ice              4
   e - Summon Ice Beast               Ice/Summoning                4
   f - Condensation Shield            Ice                          4
Miscellaneous
 n - a plain deck of war {drawn: 1}
 r - a plain deck of destruction
 s - a plain deck of war {drawn: 1}
 t - a plain deck of war
 B - a plain deck of destruction
 F - a plain deck of destruction


   Skills:
 + Level 5.8 Fighting
 + Level 6.7 Dodging
 + Level 2.4 Stealth
 + Level 7.9 Unarmed Combat
 + Level 0.1 Evocations


You had 8 spell levels left.
You didn't know any spells.

Dungeon Overview and Level Annotations

Branches:
Dungeon (8/15)             Temple (0/1) D:7
   Lair: D:8-11

Altars:
Ashenzari
Cheibriados
Gozag
Nemelex Xobeh
Okawaru

Shops:
D:5 *   D:8 [?


Innate Abilities, Weirdness & Mutations

You are too large for most types of armour.
You have claws for hands.
Your metabolism is lightning-fast.
You like to eat raw meat.
You heal very quickly.
You are covered in fur (AC +1).
You have very tough skin (AC +2).


Message History

You are starving!
You now have 431 gold pieces (gained 13).
You now have 440 gold pieces (gained 9).
Found Folaova's Antique Armour Boutique.
Found an uncursed chain mail.
Found a stone staircase leading down.
You lose consciousness!
You can move again.
There is an entrance to Folaova's Antique Armour Boutique here.
Found 16 gold pieces.
Found Feropel's Magic Scroll Shop.
You lose consciousness!
Found 3 scrolls labeled FADDAI BLOF.
You can move again.
You now have 456 gold pieces (gained 16).
A hippogriff comes into view.
The hippogriff screeches!
The hippogriff moves out of view.
An orc comes into view. It is wielding a short sword.
You have starved to death.
You die...

#### ###...#
##?....# #.?∩...#
#.?...# ######
#..@..# .....
#########.#.#####.
...#
...........oH....
.<.+
##.#.###.#.###...
...#+#####...###.#.#
.).†.....#.∩.##..# #
................##
###.#......#...>.#
................#


You could see a hippogriff and an orc (wandering).

Vanquished Creatures
  A troll (D:8)
  A hungry ghost (D:7)
  A phantom (D:4)
  A necrophage (D:7)
  3 ogres
  2 sky beasts
  An ice beast (D:5)
  A centaur (D:4)
  2 giant frogs
  3 scorpions
  5 killer bees (D:7)
  A centaur zombie (D:7)
  2 crimson imps (D:8)
  A goliath beetle (D:7)
  A hound (D:6)
  An iguana (D:6)
  2 orc priests (D:4)
  A jelly (D:6)
  3 centaur skeletons
  3 orc wizards
  2 worker ants (D:4)
  4 gnolls (D:7)
  6 adders
  A giant mite (D:7)
  2 shadow imps
  5 worms
  An adder zombie (D:7)
  4 giant geckos
  6 oozes
  19 orcs
  13 bats
  A bat skeleton (D:6)
  A bat zombie (D:6)
  3 giant cockroaches
  A giant mite zombie (D:7)
  12 goblins
  9 hobgoblins
  4 jackals (D:6)
  A quokka (D:6)
  A giant gecko skeleton (D:6)
  3 giant newts
  A jackal zombie (D:6)
  9 kobolds
  A quokka zombie (D:6)
  8 rats
  2 plants (D:5)
156 creatures vanquished.

Vanquished Creatures (collateral kills)
  A worker ant (D:4)
  A rat (D:2)
2 creatures vanquished.

Grand Total: 158 creatures vanquished

Notes
Turn   | Place    | Note
--------------------------------------------------------------
     0 | D:1      | LuckyCent, the Troll Monk, began the quest for the Orb.
     0 | D:1      | Reached XP level 1. HP: 22/22 MP: 1/1
   348 | D:1      | Reached XP level 2. HP: 29/29 MP: 1/1
   523 | D:2      | Reached XP level 3. HP: 34/36 MP: 2/2
   808 | D:2      | Found an iron altar of Okawaru.
   816 | D:2      | Reached XP level 4. HP: 34/45 MP: 2/2
   824 | D:2      | Found a sparkling altar of Nemelex Xobeh.
   842 | D:2      | Became a worshipper of Nemelex Xobeh the Trickster
   842 | D:2      | Received a gift from Nemelex Xobeh
   842 | D:2      | Received a gift from Nemelex Xobeh
   914 | D:2      | Received a gift from Nemelex Xobeh
  1514 | D:4      | Noticed a centaur
  1526 | D:4      | Killed a centaur
  1526 | D:4      | Reached skill level 5 in Unarmed Combat
  1526 | D:4      | Reached XP level 5. HP: 16/53 MP: 2/2
  1616 | D:4      | Received a gift from Nemelex Xobeh
  1650 | D:4      | Noticed a phantom
  1656 | D:4      | Killed a phantom
  1656 | D:4      | Reached XP level 6. HP: 57/61 MP: 3/3
  1910 | D:4      | Received a gift from Nemelex Xobeh
  2270 | D:5      | Entered Level 5 of the Dungeon
  2289 | D:5      | Acquired Nemelex Xobeh's first power
  2384 | D:5      | Found Oxieteta's Assorted Antiques.
  2407 | D:5      | Got a scorched turquoise ring
  2475 | D:5      | Reached XP level 7. HP: 52/68 MP: 3/3
  2508 | D:5      | Received a gift from Nemelex Xobeh
  2570 | D:5      | Reached skill level 6 in Unarmed Combat
  2703 | D:5      | Identified the ring of Rylovigh {Fire Int+3} (You found it on level 5 of the Dungeon)
  3489 | D:6      | Reached skill level 5 in Dodging
  3669 | D:6      | Reached XP level 8. HP: 72/79 MP: 3/3
  3969 | D:7      | Found a shattered altar of Ashenzari.
  3996 | D:7      | Reached skill level 7 in Unarmed Combat
  4080 | D:7      | Fell from the grace of Nemelex Xobeh
  4080 | D:7      | Became a worshipper of Ashenzari the Shackled
  4191 | D:7      | Found an opulent altar of Gozag.
  4212 | D:7      | Reached skill level 5 in Fighting
  4253 | D:7      | Found a staircase to the Ecumenical Temple.
  4360 | D:7      | Found an opulent altar of Gozag.
  4508 | D:7      | Found a snail-covered altar of Cheibriados.
  4524 | D:7      | Reached XP level 9. HP: 83/83 MP: 4/4
  4622 | D:8      | Found Folaova's Antique Armour Boutique.
  4647 | D:8      | Found Feropel's Magic Scroll Shop.
  4663 | D:8      | Starved to death

Action                   |  1- 3 |  4- 6 |  7- 9 || total
-------------------------+-------+-------+-------++-------
Melee: Unarmed           |    65 |    94 |   248 ||   407
Evoke: Deck              |       |     2 |       ||     2
  Use: Scroll            |       |       |     2 ||     2
 Stab: Sleeping          |       |     1 |     1 ||     2
  Eat: Meat ration       |     1 |     2 |     2 ||     5
       Bread ration      |       |     1 |     1 ||     2
       Fruit             |       |       |     5 ||     5
       Beef jerky        |       |       |     1 ||     1
